 Dungeon Crawl Stone Soup version 0.17-a0-1769-g54adf96 (webtiles) character file.

533 ololoev the Cudgeler (level 7, 0/55 HPs)
             Began as a Yellow Draconian Skald on Sept 7, 2015.
             Succumbed to a scorpion's poison
             ... on level 4 of the Dungeon.
             The game lasted 00:12:10 (3022 turns).

ololoev the Cudgeler (Yellow Draconian Skald)       Turns: 3022, Time: 00:12:10

Health: 0/55       AC:  6    Str: 19    XL:     7   Next: 4%
Magic:  9/11       EV: 12    Int: 12    God:
Gold:   191        SH:  0    Dex: 13    Spells: 3 memorised, 6 levels left

rFire  . . .     SeeInvis .     m - +0 whip
rCold  . . .     Clarity  .     (armour unavailable)
rNeg   . . .     SustAt   .     (no shield)
rPois  .         Gourm    .     (helmet restricted)
rElec  .         Spirit   .     (no cloak)
rCorr  +         Warding  .     (no gloves)
rMut   .         Stasis   .     (no boots)
MR     .....                    e - amulet of regeneration
Stlth  +.........               (no ring)
                                (no ring)

@: mighty, lethally poisoned (0 -> -16), very slightly contaminated, not
resistant to hostile enchantments, very unstealthy
A: spit acid, acid resistance, unfitting armour, cold-blooded, AC +6
a: Spit Acid


Innate Abilities, Weirdness & Mutations

You can spit globs of acid.
You are resistant to acid.
Your golden yellow scales are hard (AC +6).
Your body does not fit into most forms of armour.
You are cold-blooded and may be slowed by cold attacks.

Inventory:

Hand weapons
 m - a +0 whip (weapon)
Armour
 r - a +0 buckler
Jewellery
 e - an amulet of regeneration (around neck)
 o - an uncursed amulet of rage
Scrolls
 d - 2 scrolls of teleportation {unknown}
 i - 3 scrolls of identify {unknown}
 p - 2 scrolls of enchant armour {unknown}
 q - 2 scrolls of magic mapping {unknown}
 s - a scroll of remove curse {unknown}
Potions
 a - a potion of cancellation {unknown}
 f - a potion of beneficial mutation {unknown}
 g - a potion of haste
 h - a potion of agility {unknown}
 j - a potion of might
 k - 2 potions of brilliance {unknown}
 l - 2 potions of heal wounds {unknown}
 t - a potion of degeneration {unknown}
 u - 3 potions of flight {unknown}
 w - 2 potions of lignification {unknown}
Books
 b - a book of Battle

   Spells                             Type                      Level
   a - Infusion                       Charms                       1
   b - Shroud of Golubria             Charms/Translocation         2
   c - Song of Slaying                Charms                       2
   d - Spectral Weapon                Hexes/Charms                 3
   e - Regeneration                   Charms/Necromancy            3
Comestibles
 c - 5 bread rations
 n - a slice of pizza
 v - 3 chunks of flesh
 x - a beef jerky


   Skills:
 - Level 2.1 Fighting
 * Level 5.5 Maces & Flails
 - Level 1.3 Dodging
 * Level 3.2 Shields
 + Level 3.1 Spellcasting
 + Level 3.7 Charms


You had 6 spell levels left.
You knew the following spells:

 Your Spells              Type           Power        Failure   Level  Hunger
a - Infusion              Chrm           ##....       6%          1    #......
b - Song of Slaying       Chrm           ##......     10%         2    ###....
c - Regeneration          Chrm/Necr      #.........   34%         3    ###....


You were on level 4 of the Dungeon.
You were very hungry.

You visited 1 branch of the dungeon, and saw 4 of its levels.

You collected 191 gold pieces.

...'.....'....'......'.
.###.....####'#......#.
#....#'#####.##....##.
#....+...'....#....#..
+....#...#....'....#..
..#....###.##...#....#..
#.#...####.##...#....#.#
#h+...s.#..##'###....#.# #
#.#...#@#...'...'....### +.
#.#..s#.'..##...#....# # #..
+.#...####.##...#....### #...
#.#.....##.##...+....+.#
#....#.Z.....+..##...#....#.#
#....'.#.....#..##+###....#..
#....#.#.....#... +....#..
.'... #.#.....+..# #....##+
'#.. #.#.....#..# ###...

Notes
Turn   | Place    | Note
--------------------------------------------------------------
     0 | D:1      | ololoev the Draconian Skald began the quest for the Orb.
     0 | D:1      | Reached XP level 1. HP: 17/17 MP: 3/3
    59 | D:1      | Reached XP level 2. HP: 22/24 MP: 5/5
    99 | D:1      | Reached skill level 3 in Maces & Flails
   143 | D:1      | Learned a level 2 spell: Song of Slaying
   596 | D:1      | Reached XP level 3. HP: 29/29 MP: 6/6
   985 | D:2      | Noticed Ijyb
  1007 | D:2      | Killed Ijyb
  1007 | D:2      | Reached skill level 4 in Maces & Flails
  1007 | D:2      | Reached XP level 4. HP: 28/36 MP: 0/7
  1081 | D:2      | Learned a level 3 spell: Regeneration
  1177 | D:2      | Found a stormy altar of Qazlal.
  1549 | D:2      | Noticed Sigmund
  1807 | D:3      | Noticed Terence
  1886 | D:3      | Killed Terence
  1886 | D:3      | Reached skill level 1 in Shields
  2005 | D:3      | Reached XP level 5. HP: 23/41 MP: 4/8
  2202 | D:3      | Noticed Grinder
  2228 | D:3      | Killed Grinder
  2228 | D:3      | Reached skill level 5 in Maces & Flails
  2228 | D:3      | Reached XP level 6. HP: 48/48 MP: 7/10
  2738 | D:4      | Noticed utis's ghost (average KoWz)
  2758 | D:4      | Found a burning altar of Makhleb.
  2758 | D:4      | Noticed a cacodemon
  2993 | D:4      | Your scales start taking on a golden yellow colour.
  2993 | D:4      | Reached XP level 7. HP: 45/55 MP: 6/11
  3022 | D:4      | Succumbed to a scorpion's poison

Dungeon Overview and Level Annotations

Branches:
Dungeon (4/15)
 Temple: D:4-7

Altars:
Makhleb
Qazlal

Annotations:
D:2 Sigmund
D:4 utis's ghost, average KoWz


Message History

The scorpion is almost dead.
You feel sick.
You hit the scorpion.
The scorpion is almost dead.
You feel sick. The scorpion stings you.
You hit the scorpion but do no damage.
The scorpion is almost dead.
You feel sick. The scorpion stings you.
You are more poisoned.
The scorpion poisons you!
You hit the scorpion but do no damage.
The scorpion is almost dead.
You feel sick. The scorpion barely misses you.
You hit the scorpion but do no damage.
The scorpion is almost dead.
You feel sick.
The hound skeleton is no longer covered in acid.
The scorpion stings you but does no damage.
You are feeling very hungry.
You barely miss the scorpion.
The scorpion is almost dead.
You feel sick. The scorpion barely misses you.
You closely miss the scorpion.
The scorpion is almost dead.
You feel sick.
You hit the scorpion but do no damage.
The scorpion is almost dead.
You feel sick. The scorpion barely misses you.
You hit the scorpion but do no damage.
The scorpion is almost dead.
You feel sick. The scorpion stings you!
You are more poisoned.
The scorpion poisons you!
You closely miss the scorpion.
The scorpion is almost dead.
You feel sick. The scorpion barely misses you.
Drink which item? (? for menu, Esc to quit)
It was a potion of might.
You feel very mighty all of a sudden.
You die...

You could see a scorpion.

Vanquished Creatures
  Grinder (D:3)
  3 hounds (D:4)
  Ijyb (D:2)
  An orc wizard (D:3)
  Terence (D:3)
  An orc priest (D:3)
  A hound skeleton (D:4)
  5 adders
  An ooze (D:1)
  3 giant geckos
  8 orcs (D:3)
  9 bats
  2 giant cockroaches
  8 goblins
  9 hobgoblins
  8 kobolds
  4 ball pythons
  9 giant newts
  6 jackals
  5 rats
86 creatures vanquished.

Action                   |  1- 3 |  4- 6 |  7- 9 || total
-------------------------+-------+-------+-------++-------
Melee: Mace              |    71 |       |       ||    71
       Whip              |    93 |   242 |    27 ||   362
 Cast: Song of Slaying   |     2 |     8 |       ||    10
       Infusion          |     4 |     5 |       ||     9
       Regeneration      |       |     1 |       ||     1
 Abil: Evoke Berserk Rag |       |     1 |       ||     1
       Spit Acid         |       |       |     1 ||     1
  Use: Potion            |       |     1 |     1 ||     2
  Eat: Chunk             |     1 |     8 |       ||     9
       Beef jerky        |       |     1 |       ||     1

Vault maps used:
D:1:      lemuel_arrival_broad_hall, grunt_decor_cap, minmay_misc_feat_doors
D:2:      grunt_qazlal_clouds, uniq_sigmund, uniq_iyjb
D:3:      first_bread, dk_noncrumbling_4, uniq_grinder, uniq_terence
D:4:      makhleb_altar_promises_db
